 Dungeon Crawl Stone Soup version 0.27-a0-1281-ge233d83751 (webtiles) character file.

Game seed: 2441124747300148450

3208 avis the Changer (level 9, -4/67 HPs)
             Began as a Demigod Transmuter on June 13, 2021.
             Slain by a two-headed ogre (32 damage)
             ... on level 7 of the Dungeon.
             The game lasted 00:59:54 (11444 turns).

avis the Changer (Demigod Transmuter)              Turns: 11444, Time: 00:59:54

Health: -4/67      AC:  2    Str: 17    XL:     9   Next: 38%
Magic:  17/18      EV: 20    Int: 15    God:
Gold:   413        SH:  0    Dex: 31    Spells: 2/16 levels left

rFire    . . .     SeeInvis .     - Unarmed
rCold    . . .     Faith    .   (shield currently unavailable)
rNeg     . . .     Spirit   .   (armour currently unavailable)
rPois    x         Reflect  .   (helmet currently unavailable)
rElec    .         Harm     .   (cloak currently unavailable)
rCorr    .         Rampage  .   (gloves currently unavailable)
Will     .....                  (boots currently unavailable)
Stlth    +++.......             u - amulet of magic regeneration
HPRegen  0.21/turn              n - +6 ring of strength
MPRegen  0.41/turn              (no ring)

@: spider-form
A: venomous fangs, tiny, high mp 1, forlorn
a: End Transformation


You were on level 7 of the Dungeon.
You were a venomous arachnid creature.
You visited 2 branches of the dungeon, and saw 9 of its levels.

You collected 413 gold pieces.

Inventory:

Hand Weapons
 b - a +0 shortbow
 e - a +1 dagger of speed
Missiles
 a - 84 sling bullets
 f - 53 bolts
 m - 9 poisoned darts
 o - 83 stones
 p - 13 boomerangs (quivered)
 s - 6 curare-tipped darts
 t - 5 boomerangs of dispersal
 z - 5 javelins
 C - 108 arrows
Armour
 c - a +1 pair of boots of stealth (melded)
 g - a scarf of resistance (melded)
 w - a +0 helmet (melded)
 G - the +1 leather armour of Negligence (melded) {+Inv rCorr}
   (You found it on level 4 of the Dungeon)

   It lets you turn invisible.
   It protects you from acid and corrosion.
Magical Staves
 r - a staff of fire
Jewellery
 n - a +6 ring of strength (left front leg)
 u - an amulet of magic regeneration (around neck)
Wands
 l - a wand of acid (9)
 x - a wand of polymorph (7)
 F - a wand of iceblast (7)
 H - a wand of mindburst (7)
Scrolls
 i - 4 scrolls of teleportation
 j - a scroll of magic mapping
 q - a scroll of enchant weapon {unknown}
 y - 2 scrolls of identify
 B - 2 scrolls of silence
 I - 3 scrolls of enchant armour {unknown}
 J - a scroll of torment {unknown}
Potions
 d - 2 potions of ambrosia
 h - 3 potions of mutation
 k - a potion of brilliance {unknown}
 v - a potion of haste {unknown}


   Skills:
 - Level 2.0 Fighting
 - Level 1.7 Dodging
 - Level 3.0 Stealth
 + Level 6.8 Unarmed Combat
 - Level 4.0 Spellcasting
 * Level 7.9 Transmutations
 - Level 4.0 Ice Magic
 - Level 3.0 Poison Magic


You had 2 spell levels left.
You knew the following spells:

 Your Spells              Type           Power      Damage    Failure   Level
p - Spider Form           Tmut/Pois      9%         N/A       17%         3
q - Ice Form              Ice/Tmut       20%        N/A       34%         4
D - Dragon Form           Tmut           13%        N/A       100%        7

Your spell library contained the following spells:

 Spells                   Type           Power      Damage    Failure   Level
 Beastly Appendage        Tmut           52%        N/A       4%          1
 Wereblood                Tmut           26%        N/A       5%          2
 Sting                    Tmut/Pois      76%        1d6       8%          1
 Ensorcelled Hibernation  Hex/Ice        18%        N/A       28%         2
 Poisonous Vapours        Pois/Air       14%        N/A       32%         2
 Animate Skeleton         Necr           6%         N/A       38%         1
 Apportation              Tloc           6%         N/A       38%         1
 Corona                   Hex            3%         N/A       38%         1
 Foxfire                  Conj/Fire      12%        2x1d4     38%         1
 Summon Small Mammal      Summ           12%        N/A       38%         1
 Ignite Poison            Fire/Tmut/Pois 13%        N/A       28%         3
 Mephitic Cloud           Conj/Pois/Air  6%         N/A       56%         3
 Olgreb's Toxic Radiance  Pois           12%        N/A       67%         4
 Confusing Touch          Hex            3%         N/A       69%         3
 Dazzling Flash           Conj/Hex       6%         N/A       69%         3
 Tukima's Dance           Hex            3%         N/A       69%         3
 Cause Fear               Hex            1%         N/A       96%         4
 Dragon's Call            Summ           1%         N/A       100%        9


Dungeon Overview and Level Annotations

Branches:
Dungeon (8/15)             Temple (1/1) D:5
   Lair: D:8-11

Shops:
D:7 *

Annotations:
D:6 2 transporters, indyram44's ghost, novice GnIE


Innate Abilities, Weirdness & Mutations

You are a venomous arachnid creature.
You have poisonous fangs.
You are tiny and dextrous.
Your spellcasting is less reliable in this form.
Your armour is entirely melded.
You are incapable of wielding weapons or throwing items.
Your attributes grow dramatically as you level up.
You have an increased reservoir of magic. (+10% MP)
You shall have no god before yourself.


Message History

You feel resistant to extremes of temperature.
You feel stealthy.
Okay, then.
The two-headed ogre looks more healthy.
You see here a +0 ring mail.
You see here a +0 giant spiked club.
There is a stone staircase leading up here.
You see here a +0 giant spiked club.
There is a stone staircase leading up here.
The two-headed ogre barely misses you. The two-headed ogre closely misses you.
You see here a +0 giant spiked club.
There is a stone staircase leading up here.
You climb upwards.
Level annotation: 2 transporters, indyram44's ghost, novice GnIE
There is a stone staircase leading down here.
You start resting.
HP restored.
Casting: Spider Form (dangerous; 7% risk of failure)
Confirm with . or Enter, or press ? or * to list all spells.
You turn into a venomous arachnid creature.
Your scarf of resistance melds into your body.
Your +0 helmet melds into your body.
Your +1 pair of boots of stealth melds into your body.
The +1 leather armour of Negligence {+Inv rCorr} melds into your body.
You feel hot and cold all over.
You feel less stealthy.
You climb downwards.
The two-headed ogre hits you with a +0 giant club!!
The two-headed ogre misses you.
There is a stone staircase leading up here.
You hit the two-headed ogre.
The two-headed ogre is lightly wounded.
The two-headed ogre completely misses you. x2
You hit the two-headed ogre.
The two-headed ogre is lightly wounded.
You bite the two-headed ogre!
The two-headed ogre is poisoned.
The two-headed ogre is moderately wounded.
The two-headed ogre completely misses you.
The two-headed ogre hits you with a +0 dire flail!
The two-headed ogre hits you with a +0 giant club!!
You die...

#.# #........#.#####
########.#########.###.#.#......#
#.....^.....................###<#
#.........######.#..#.......###.#
...#......# #.#..#..#...##....
.....##...# #.#.....#...##.#..
...####..## #...........##.#..
#........# #....#.###.......#
##.#####.# #sO........###.###
...# #.# ##)..####### #.# ####
#.# #...# #######.# ## ##.######
#..)# #.......# .#
#.......###..[###.#####.###
.######.##...>.............##...#
......#.##..................#.#.#
.#......##....................#.#
.#.##.#.#...#.#.#####.#..........


You could see a two-headed ogre (very poisoned).

Vanquished Creatures
  A hornet (D:7)
  Menkaure (D:5)
  2 water moccasins
  An orc warrior (D:3)
  A necrophage (D:4)
  A black bear (D:8)
  An ice beast (D:6)
  2 ogres
  3 centaurs
  2 phantoms
  3 bullfrogs
  4 scorpions
  A water moccasin skeleton (D:6)
  5 wights
  2 howler monkeys
  A centaur zombie (D:5)
  6 hounds
  A centaur skeleton (D:7)
  A jelly (D:6)
  A bullfrog skeleton (D:5)
  A gnoll shaman (D:5)
  3 orc priests
  4 iguanas
  9 orc wizards
  Robin (D:3)
  5 gnolls
  5 adders
  2 shadow imps
  3 white imps
  An ufetubus (D:5)
  A worm (D:2)
  22 orcs
  7 ball pythons
  16 goblins
  6 hobgoblins
  2 jackals (D:1)
  2 quokkas
  5 bats
  2 frilled lizards (D:2)
  3 kobolds
  3 rats
143 creatures vanquished.

Notes
Turn   | Place    | Note
-------+----------+-------------------------------------------
     0 | D:1      | avis the Demigod Transmuter began the quest for the Orb.
     0 | D:1      | Reached XP level 1. HP: 15/15 MP: 5/5
    45 | D:1      | Reached skill level 1 in Fighting
   331 | D:1      | Reached skill level 2 in Transmutations
  1053 | D:2      | Reached XP level 2. HP: 17/23 MP: 4/7
  2037 | D:3      | Reached XP level 3. HP: 7/28 MP: 8/8
  2095 | D:2      | Learned a level 3 spell: Spider Form
  2401 | D:3      | Reached skill level 3 in Transmutations
  2401 | D:3      | Reached XP level 4. HP: 32/36 MP: 7/9
  2521 | D:3      | Noticed an orc warrior
  2728 | D:3      | HP: 1/36 [orc warrior/boomerang (8)]
  2729 | D:3      | Killed an orc warrior
  2730 | D:3      | Reached skill level 1 in Poison Magic
  2730 | D:3      | Reached XP level 5. HP: 2/41 MP: 8/10
  3293 | D:3      | Noticed Robin
  3325 | D:3      | Killed Robin
  3326 | D:3      | Reached skill level 4 in Transmutations
  4221 | D:3      | Upgraded the game from 0.27-a0-1278-g6cbc8dfb29 to
                  | 0.27-a0-1281-ge233d83751
  4378 | D:4      | Noticed a centaur
  4389 | D:4      | Reached XP level 6. HP: 16/48 MP: 8/12
  4677 | D:4      | Learned a level 4 spell: Ice Form
  5125 | D:4      | Reached XP level 7. HP: 48/55 MP: 11/14
  5324 | D:4      | Identified the +1 leather armour of Negligence {+Inv rCorr}
  5341 | D:4      | Identified 2 scrolls of acquirement
  5347 | D:4      | Acquired a book of the Dragon
  5351 | D:4      | Acquired a +1 pair of boots of stealth
  6096 | D:5      | Entered Level 5 of the Dungeon
  6106 | D:5      | Reached skill level 1 in Stealth
  6323 | D:5      | Noticed Menkaure
  6346 | D:5      | Killed Menkaure
  6347 | D:5      | Reached skill level 5 in Transmutations
  6361 | D:5      | Reached skill level 5 in Unarmed Combat
  6621 | D:5      | Reached skill level 1 in Ice Magic
  6841 | D:5      | Found a staircase to the Ecumenical Temple.
  6849 | Temple   | Entered the Ecumenical Temple
  6899 | D:5      | Reached XP level 8. HP: 41/61 MP: 13/15
  8136 | D:6      | Reached skill level 6 in Transmutations
  8931 | D:6      | Noticed a gargoyle
  8934 | D:6      | Noticed indyram44's ghost (novice GnIE)
  8941 | D:6      | Found a transporter.
  8944 | D:6      | Found a transporter.
  9574 | D:7      | Noticed a hornet
  9594 | D:6      | Reached XP level 9. HP: 67/67 MP: 13/18
  9634 | D:7      | Reached skill level 7 in Transmutations
  9804 | D:7      | Learned a level 7 spell: Dragon Form
 10369 | D:7      | Found Xeoklu's Serpentskin Sales.
 11118 | D:8      | Noticed a two-headed ogre
 11121 | D:8      | Noticed a two-headed ogre
 11133 | D:8      | HP: 3/67 [two-headed ogre (7)]
 11444 | D:7      | Slain by a two-headed ogre

Illustrated notes

Levels and vault maps discovered:
D:1:      eino_arrival_cavern_b, layout_basic
D:2:      layout_basic, hellmonk_ecumenical_altar_pennies_from_heaven,
          grunt_ministairs_12
D:3:      layout_loops_corners, serial_park_tiny_pond,
          kennysheep_big_empty_room, minmay_tree_intersection,
          minmay_surrounded, uniq_robin
D:4:      layout_gridville, serial_bayou_lake_a
D:5:      layout_rooms, minmay_temple_entry_arrows,
          eino_small_chamber_without_monster, uniq_menkaure
D:6:      layout_cave_pods, gammafunk_ghost_arena
D:7:      layout_loops_cross, guppyfry_shop_venom
D:8:      layout_rooms, trog_ov_bears_minmay, lightli_orcish_oven
Temple:   roderic_octagonal_lattice_temple

Skill      XL: |  1  2  3  4  5  6  7  8  9 |
---------------+----------------------------+-----
Fighting       | 1 2 |  2.0
Transmutations | 2 3 4 5 6 7 |  7.9
Unarmed Combat | 3 4 5 6 |  6.8
Poison Magic   | 1 2 3 |  3.0
Spellcasting   | 2 3 4 |  4.0
Stealth        | 2 3 |  3.0
Ice Magic      | 2 4 |  4.0
Dodging        | |  1.7

Action                   |  1- 3 |  4- 6 |  7- 9 || total
-------------------------+-------+-------+-------++-------
Melee: Unarmed           |    70 |   100 |   286 ||   456
       Headbutt          |    12 |     5 |       ||    17
       Kick              |    13 |     8 |     1 ||    22
       Punch             |       |       |     1 ||     1
 Cast: Beastly Appendage |    19 |    16 |     5 ||    40
       Spider Form       |       |    11 |    44 ||    55
       Ice Form          |       |       |     7 ||     7
  Use: Scroll            |     3 |     2 |     8 ||    13
       Potion            |       |     1 |     1 ||     2
 Stab: Sleeping          |     1 |     5 |     9 ||    15
       Distracted        |       |       |     1 ||     1
Armor: Robe              |     9 |     3 |       ||    12
       Skin              |       |     5 |    20 ||    25
       Leather armour    |       |     2 |     6 ||     8
Dodge: Dodged            |    39 |    76 |   206 ||   321

Table legend: (Time is in decaauts)
 A = Elapsed time spent in this place.
 B = Non-inter-level travel time spent in this place.
 C = Inter-level travel time spent in this place.
 D = Time resting spent in this place.
 E = Time spent auto-exploring this place.
 F = Levels seen in this place.
 G = Mean time per level.
                   A        B        C        D        E       F      G
               +--------+--------+--------+--------+--------+-----+--------+
         Total |  11475 |  10334 |   1141 |   4167 |   3834 |   9 | 1275.0 |
       Dungeon |  11452 |  10311 |   1141 |   4167 |   3834 |   8 | 1431.5 |
        Temple |     22 |     22 |      0 |      0 |      0 |   1 |   22.0 |
               +--------+--------+--------+--------+--------+-----+--------+

Top non-repeatable levels by time:
     D:4: 2120 daAuts
     D:2: 2096 daAuts
     D:6: 1887 daAuts
     D:5: 1726 daAuts
     D:3: 1631 daAuts
     D:7: 1014 daAuts
     D:1: 851 daAuts
     D:8: 124 daAuts
  Temple: 22 daAuts
